 Dungeon Crawl Stone Soup version 0.31-a0-925-g0a390f2509 (webtiles) character file.

Game seed: 7525172813613496053

18444 Maratek the Impaler (level 12, -26/110 HPs)
             Began as a Minotaur Fighter on Oct 18, 2023.
             Was a High Priest of Okawaru.
             Killed from afar by Frances (33 damage)
             ... with a shard of ice
             ... on level 13 of the Dungeon.
             The game lasted 00:22:57 (14806 turns).

Maratek the Impaler (Minotaur Fighter)             Turns: 14806, Time: 00:22:58

Health: -26/110    AC: 25    Str: 26    XL:     12   Next: 27%
Magic:  0/11       EV: 10    Int:  5    God:    Okawaru [*****.]
Gold:   995        SH:  9    Dex: 16    Spells: 11/11 levels left

rFire   + . .        a - +0 trident (protect)
rCold   + . .        F - +2 buckler
rNeg    . . .        y - +0 plate armour
rPois   +            (helmet restricted)
rElec   +            D - +1 cloak
rCorr   +            (no gloves)
SInv    .            (no boots)
Will    .....        p - amulet of guardian spirit Stlth
                     s - ring of flight
HPRegen 0.38/turn    d - +6 ring of dexterity
MPRegen 0.12/turn

%: guardian spirit
@: resistant, under a protective aura, flying, hasted, very quick
A: horns 2, retaliatory headbutt, mutation resistance 1
a: Renounce Religion, Heroism, Finesse, Duel


You were on level 13 of the Dungeon.
You worshipped Okawaru.
Okawaru was extremely pleased with you.
You visited 2 branches of the dungeon, and saw 14 of its levels.

You collected 995 gold pieces.

Inventory:

Hand Weapons
 a - a +0 trident of protection (weapon)
 u - a +1 glaive
Missiles
 v - 4 throwing nets
 C - 3 boomerangs
Armour
 y - a +0 plate armour (worn)
 D - a +1 cloak (worn)
 F - a +2 buckler (worn)
Jewellery
 b - a ring of poison resistance
 c - an amulet of faith
 d - a +6 ring of dexterity (right hand)
 p - an amulet of guardian spirit (around neck)
 s - a ring of flight (left hand)
Wands
 o - a wand of quicksilver (7)
 r - a wand of polymorph (14)
 w - a wand of roots (13)
 A - a wand of flame (26)
Scrolls
 g - 3 scrolls of fog
 h - 2 scrolls of amnesia
 i - 2 scrolls of identify
 q - a scroll of revelation
 t - 7 scrolls of teleportation
Potions
 e - 6 potions of brilliance
 f - a potion of haste
 j - a potion of resistance
 n - 3 potions of attraction
 z - a potion of mutation
 E - a potion of degeneration {unknown}


   Skills:
 + Level 11.1 Fighting
 + Level 15.3 Polearms
 + Level 12.0 Armour
 + Level 5.1 Dodging
 + Level 1.5 Stealth
 + Level 9.8 Shields


You had 11 spell levels left.
You didn't know any spells.
Your spell library contained the following spells:

 Spells                   Type           Power      Damage    Failure   Level
 Magic Dart               Conj           0%         1d3       99%         1
 Shock                    Conj/Air       0%         1d3       99%         1
 Mephitic Cloud           Conj/Pois/Air  0%         N/A       100%        3
 Ozocubu's Armour         Ice            0%         N/A       100%        3
 Sigil of Binding         Hex            0%         N/A       100%        3
 Swiftness                Air            0%         N/A       100%        3
 Airstrike                Air            0%         2d(0-16)  100%        4
 Dimensional Bullseye     Hex/Tloc       0%         N/A       100%        4
 Leda's Liquefaction      Hex/Erth       0%         N/A       100%        4
 Ozocubu's Refrigeration  Ice            0%         4d7       100%        7
 Call Imp                 Summ           Unusable   N/A       N/A         2
 Call Canine Familiar     Summ           Unusable   N/A       N/A         3

Dungeon Overview and Level Annotations

Branches:
Dungeon (13/15)            Temple (1/1) D:7            Lair (0/5) D:11
    Orc (0/2) D:11
 Vaults: D:13-14

Altars:
Ashenzari
Cheibriados
Dithmenos
Elyvilon
Fedhas
Gozag
Hepliaklqana
Kikubaaqudgha
Makhleb
Nemelex Xobeh
Okawaru
Qazlal
Ru
Sif Muna
Trog
Uskayaw
Vehumet
Wu Jian
Xom
Yredelemnul
Zin
The Shining One

Shops:
D:7 =?(

Annotations:
D:6 1 runed translucent door, Flippered's ghost, novice HOFi
D:13 Frances


Innate Abilities, Weirdness & Mutations

You have a pair of horns on your head.
You reflexively headbutt those who attack you in melee.
You are somewhat resistant to further mutation.


Message History

You block the shard of ice.
Your Armour skill increases to level 12!
Things that are here:
a +4 scimitar of flaming; a ring of resist corrosion; 21 gold pieces
Things that are here:
a +4 scimitar of flaming; a ring of resist corrosion; 21 gold pieces Frances hits you but does no damage.
There is a stone staircase leading up here.
You hit Frances but do no damage.
Your weapon exudes an aura of protection.
Frances chants phrases taken from a devil's mouth.
Frances seems to speed up.
You puncture Frances! You headbutt Frances.
Frances is lightly wounded.
You block Frances's attack.
You hit Frances. You headbutt Frances!
Frances is lightly wounded.
Frances hits you with a +0 trident!!
* * * LOW HITPOINT WARNING * * *
You puncture Frances!
Frances is moderately wounded.
You feel yourself speed up.
Frances whispers indecipherable words.
Frances hits you but does no damage.
You puncture Frances! You headbutt Frances.
Frances is moderately wounded.
Frances hits you but does no damage.
You puncture Frances!
Frances is moderately wounded.
You hit Frances but do no damage. You headbutt Frances.
Frances is moderately wounded.
The hellwing hits you but does no damage. x2
Frances hits you but does no damage.
You barely miss Frances. Your headbutt misses Frances.
Frances is moderately wounded.
You closely miss Frances.
Frances is moderately wounded.
Frances chants phrases taken from a devil's mouth.
The shard of ice hits you!! You partially resist.
You die...

##.########H#
#☼# #○# #.R
### ## #.
#.##########
#.
#...4@@4EE.#
#.
#.########°#
#. #○# #. #.#
#. #.# #. #.#
#.
#H###########.
#.......H.....
##############


You could see Frances (fast), a hellwing (summoned), an ice devil (summoned) and
2 fire elementals.

Vanquished Creatures
  Azrael (D:13)
  Harold (D:11)
  A hydra (D:13)
  2 centaur warriors (D:13)
  A boulder beetle (D:12)
  2 two-headed ogres (D:11)
  Lodul (D:10)
  2 ugly things
  2 manticores
  2 cyclopes
  Joseph (D:7)
  A komodo dragon (D:12)
  2 tengu conjurers
  6 trolls
  Prince Ribbit (D:7)
  A shadow (D:9)
  9 yaks
  2 wyverns (D:9)
  3 wraiths
  A steam dragon (D:8)
  Grum (D:11)
  A warg (D:11)
  3 acid dragons
  2 water moccasins
  2 ice beasts
  A hell hound (D:13)
  3 orc warriors
  A sky beast (D:8)
  3 black bears
  3 centaurs
  2 wolves (D:11)
  8 ogres
  2 phantoms
  3 kobold brigands
  A gnoll sergeant (D:7)
  3 scorpions
  2 bullfrogs
  9 wights
  10 killer bees
  7 howler monkeys
  3 hounds
  10 orc priests
  7 iguanas
  A sleepcap (D:5)
  Natasha (thrice) (D:2)
  10 orc wizards
  13 gnolls
  11 adders
  2 shadow imps
  2 white imps
  3 worms
  2 dart slugs
  27 orcs
  A ball python (D:4)
  8 bats
  11 endoplasms
  4 giant cockroaches
  9 goblins
  2 hobgoblins
  2 jackals (D:5)
  21 kobolds
  4 quokkas
  2 frilled lizards
  4 rats
271 creatures vanquished.

Vanquished Creatures (others)
  An orc wizard (D:11)
1 creature vanquished.

Grand Total: 272 creatures vanquished

Notes
Turn   | Place    | Note
-------+----------+-------------------------------------------
     0 | D:1      | Maratek the Minotaur Fighter began the quest for the Orb.
     0 | D:1      | Reached XP level 1. HP: 19/19 MP: 0/0
    52 | D:1      | Reached XP level 2. HP: 21/27 MP: 1/1
   288 | D:1      | Found a faded altar of an unknown god.
   394 | D:1      | Reached XP level 3. HP: 33/33 MP: 2/2
   654 | D:2      | Noticed Natasha
   655 | D:2      | Killed Natasha
   656 | D:2      | Reached skill level 3 in Polearms
   756 | D:2      | Reached XP level 4. HP: 40/40 MP: 3/3
   771 | D:2      | Noticed Natasha
   780 | D:2      | Killed Natasha
   913 | D:2      | Reached XP level 5. HP: 47/47 MP: 4/4
   921 | D:2      | Reached skill level 4 in Polearms
   975 | D:2      | Noticed Natasha
   984 | D:2      | Killed Natasha
   985 | D:2      | Reached skill level 5 in Shields
  1772 | D:3      | Noticed a phantom
  1793 | D:3      | Killed a phantom
  1794 | D:3      | Reached skill level 5 in Polearms
  1794 | D:3      | Reached skill level 5 in Armour
  1794 | D:3      | Reached XP level 6. HP: 38/53 MP: 5/5
  2520 | D:4      | Reached skill level 5 in Fighting
  2680 | D:4      | Reached XP level 7. HP: 40/61 MP: 6/6
  2685 | D:4      | Reached skill level 6 in Polearms
  3156 | D:4      | Reached skill level 1 in Dodging
  3812 | D:5      | Entered Level 5 of the Dungeon
  4055 | D:5      | Reached skill level 7 in Polearms
  4202 | D:5      | Reached XP level 8. HP: 43/70 MP: 7/7
  5264 | D:6      | Reached skill level 8 in Polearms
  5558 | D:6      | Found a runed translucent door.
  5559 | D:6      | Noticed Flippered's ghost (novice HOFi)
  5567 | D:6      | Identified the +8 short sword "Umueq" {freeze, rF+ Str+2
                  | Int+4}
  6066 | D:7      | Found Xosajycus's Antique Weapon Boutique.
  6091 | D:7      | Noticed Joseph
  6111 | D:7      | Killed Joseph
  6309 | D:7      | Found a staircase to the Ecumenical Temple.
  6316 | D:7      | Reached skill level 9 in Polearms
  6326 | D:7      | Reached XP level 9. HP: 70/78 MP: 8/8
  6331 | Temple   | Entered the Ecumenical Temple
  6382 | Temple   | Became a worshipper of Warmaster Okawaru
  6599 | D:7      | Found Viulauts's Magic Scroll Shoppe.
  6769 | D:7      | Reached skill level 1 in Stealth
  6989 | D:7      | Reached skill level 10 in Polearms
  7145 | D:7      | Reached * piety under Okawaru
  7162 | D:7      | Found Regauh Mey's Jewellery Shop.
  7335 | D:7      | Noticed Prince Ribbit
  7348 | D:7      | Killed Prince Ribbit
  8117 | D:8      | Reached skill level 11 in Polearms
  8118 | D:8      | Found a stormy altar of Qazlal.
  8402 | D:8      | Reached ** piety under Okawaru
  8434 | D:8      | Found an opulent altar of Gozag.
  8438 | D:8      | Found a radiant altar of Vehumet.
  8514 | D:8      | Gained mutation: Your movements are slightly less
                  | encumbered by armour. (ER -2) [potion of mutation]
  8514 | D:8      | Gained mutation: You are frail. (-10% HP) [potion of
                  | mutation]
  8514 | D:8      | Gained mutation: You are somewhat resistant to further
                  | mutation. [potion of mutation]
  8515 | D:8      | Lost mutation: You are frail. (-10% HP) [potion of
                  | mutation]
  8515 | D:8      | Lost mutation: Your movements are slightly less encumbered
                  | by armour. (ER -2) [potion of mutation]
  8515 | D:8      | Lost mutation: You are somewhat resistant to further
                  | mutation. [potion of mutation]
  8515 | D:8      | Gained mutation: You are somewhat resistant to further
                  | mutation. [potion of mutation]
  8627 | D:9      | Reached XP level 10. HP: 67/88 MP: 7/9
  9252 | D:9      | Reached *** piety under Okawaru
  9616 | D:10     | Entered Level 10 of the Dungeon
  9706 | D:10     | Reached skill level 12 in Polearms
  9837 | D:10     | Found a broken altar of Ashenzari.
 10427 | D:11     | Noticed a cyclops
 10440 | D:11     | Killed a cyclops
 10453 | D:11     | Reached **** piety under Okawaru
 10508 | D:11     | Noticed a two-headed ogre
 10745 | D:11     | Noticed Lodul
 10785 | D:10     | Killed Lodul
 10785 | D:10     | Reached ***** piety under Okawaru
 10786 | D:10     | Reached skill level 13 in Polearms
 10786 | D:10     | Reached XP level 11. HP: 63/97 MP: 3/10
 10980 | D:11     | Reached skill level 10 in Armour
 11048 | D:11     | Noticed a two-headed ogre
 11048 | D:11     | Noticed Grum
 11060 | D:11     | Killed a two-headed ogre
 11083 | D:11     | Killed Grum
 11288 | D:11     | Noticed Harold
 11322 | D:11     | Killed Harold
 11354 | D:11     | Killed a two-headed ogre
 11355 | D:11     | Reached skill level 5 in Dodging
 11625 | D:11     | Received a gift from Okawaru
 11650 | D:11     | Reached skill level 14 in Polearms
 11854 | D:11     | Found a staircase to the Orcish Mines.
 11894 | D:11     | Found a staircase to the Lair.
 12054 | D:11     | Noticed a red ugly thing
 12070 | D:11     | Killed a red ugly thing
 12071 | D:11     | Reached skill level 10 in Fighting
 12311 | D:12     | Noticed a boulder beetle
 12370 | D:12     | Killed a boulder beetle
 12637 | D:12     | Noticed a brown ugly thing
 12649 | D:12     | Killed a brown ugly thing
 12693 | D:12     | Received a gift from Okawaru
 13596 | D:13     | Noticed a centaur warrior
 13599 | D:13     | Noticed a centaur warrior
 13610 | D:13     | Killed a centaur warrior
 13611 | D:13     | Reached skill level 15 in Polearms
 13611 | D:13     | Reached XP level 12. HP: 88/108 MP: 9/11
 13616 | D:13     | Killed a centaur warrior
 13722 | D:13     | Noticed a four-headed hydra
 13726 | D:13     | Killed a four-headed hydra
 13764 | D:13     | Noticed Azrael
 14380 | D:13     | HP: 4/110 [barbs]
 14789 | D:13     | Noticed Frances
 14792 | D:13     | Killed Azrael
 14799 | D:13     | HP: 5/110 [Frances/+0 trident (19)]
 14806 | D:13     | Killed from afar by Frances

Illustrated notes

Levels and vault maps discovered:
D:1:      dpeg_arrival_rhombi, layout_rooms, ebering_ecumenical_altar_petrified,
          minmay_pentomino_u2
D:2:      layout_loops_ring, grunt_ministairs_13, minmay_tripent, uniq_natasha
D:3:      layout_rooms
D:4:      nicolae_cairo_tiling_very_big, layout_basic, moated_statue
D:5:      layout_loops_ring
D:6:      layout_gridville, gammafunk_ghost_grave
D:7:      layout_loops_ring, minmay_temple_entry_sparse_star, enter_bailey_5,
          serial_shops, nicolae_take_the_stairs, shop, nicolae_shop_tiny_glass,
          serial_bayou_pond_b, kennysheep_generic_room_9, uniq_joseph,
          uniq_prince_ribbit1
D:8:      layout_cave_pools, lemuel_crystal_altar, jmf_multi_god_temple,
          minmay_stone_trees_small, nicolae_wand_duel
D:9:      layout_rooms, minmay_strange_pillars
D:10:     layout_irregular_city, nicolae_ashenzari_skybound
D:11:     layout_roguey, lair_entry_dummy, erik_orc_3, uniq_harold, uniq_lodul,
          uniq_grum
D:12:     layout_long_grid, minmay_microvault
D:13:     layout_loops_ring, uniq_azrael, uniq_frances
Temple:   mainiacjoe_temple_bowtie_tessellation

Skill      XL: |  1  2  3  4  5  6  7  8  9 10 11 12 |
---------------+-------------------------------------+-----
Armour         | 4 5 6 7 8 9 11 12 | 12.0
Fighting       | 4 5 6 8 9 10 11 | 11.1
Shields        | 4 5 6 8 9 |  9.8
Polearms       | 3 5 7 9 11 13 15 | 15.3
Dodging        | 1 2 3 4 5 |  5.1
Stealth        | 1 |  1.5

Action                     |  1- 3 |  4- 6 |  7- 9 | 10-12 || total
---------------------------+-------+-------+-------+-------++-------
  Melee: Trident           |    58 |   154 |   389 |   606 ||  1207
         Headbutt          |     8 |    21 |    53 |   129 ||   211
  Evoke: Wand              |       |       |       |     1 ||     1
    Use: Scroll            |       |       |    21 |     7 ||    28
         Potion            |       |       |     2 |    18 ||    20
 Armour: Scale mail        |    20 |    91 |   157 |       ||   268
         Ring mail         |       |       |    55 |    42 ||    97
         Chain mail        |       |       |       |    78 ||    78
         Plate armour      |       |       |       |   221 ||   221
  Dodge: Dodged            |    12 |    52 |   123 |   153 ||   340
  Block: Buckler           |     9 |    21 |    82 |   141 ||   253

Table legend: (Time is in decaauts)
 A = Elapsed time spent in this place.
 B = Non-inter-level travel time spent in this place.
 C = Inter-level travel time spent in this place.
 D = Time resting spent in this place.
 E = Time spent auto-exploring this place.
 F = Levels seen in this place.
 G = Mean time per level.
                   A        B        C        D        E       F      G
               +--------+--------+--------+--------+--------+-----+--------+
         Total |  14568 |  13577 |    991 |   3483 |   8149 |  14 | 1040.6 |
       Dungeon |  14397 |  13573 |    824 |   3483 |   8149 |  13 | 1107.5 |
        Temple |    170 |      3 |    167 |      0 |      0 |   1 |  170.0 |
               +--------+--------+--------+--------+--------+-----+--------+

Top non-repeatable levels by time:
    D:12: 1911 daAuts
     D:4: 1565 daAuts
     D:7: 1454 daAuts
    D:11: 1431 daAuts
     D:6: 1355 daAuts
    D:10: 1107 daAuts
     D:9: 1006 daAuts
     D:2: 967 daAuts
     D:8: 910 daAuts
     D:5: 848 daAuts
     D:3: 729 daAuts
     D:1: 586 daAuts
    D:13: 523 daAuts
  Temple: 170 daAuts
